Map: Cyber Forest LE

Players

Clem

  • Race: Terran Terran
  • League: Master
  • Spawn Location: 5:00

Lambo - Winner!

  • Race: Zerg Zerg
  • League: Master
  • Spawn Location: 11:00

VOD

Have the link to the VOD?

Description

Time

  • Played on: Jan. 27, 2019, 10:28 a.m.
  • Length: 15:02
Show
View Real Time Build Order
Export as new Build Order

Clem Terran 

Build Orders:  

Get SALT Encoding   

  12  0:01  SCV  
  13  0:13  SCV  
  14  0:20  Supply Depot  
  14  0:25  SCV  
  15  0:30  Refinery  
  15  0:42  SCV  
  16  0:47  Barracks  
  16  0:54  SCV  
  17  1:06  SCV  
  18  1:18  SCV  
  20  1:35  Reaper, Orbital Command  
  20  1:45  Command Center  
  20  1:58  Factory  
  20  2:01  SCV  
  20  2:08  Barracks Reactor  
  21  2:11  Supply Depot  
  21  2:14  SCV  
  22  2:19  Refinery  
  22  2:26  SCV  
  23  2:38  SCV  
  24  2:50  SCV  
  24  2:51  Starport  
  25  2:53  Hellion x2  
  29  2:58  Orbital Command  
  29  3:03  Marine  
  29  3:04  SCV  
  31  3:14  Hellion x2  
  35  3:21  SCV  
  35  3:23  Barracks Tech Lab  
  35  3:25  SCV  
  37  3:27  Medivac  
  37  3:33  SCV  
  40  3:45  SCV  
  40  3:47  SCV, Supply Depot  
  42  3:49  Marine x2  
  44  3:57  SCV  
  44  3:59  SCV  
  46  4:08  Siege Tank  
  46  4:09  Command Center  
  49  4:12  SCV x2  
  49  4:14  Supply Depot  
  51  4:17  Marine x2  
  53  4:25  SCV  
  54  4:35  SCV  
  55  4:39  SCV  
  56  4:49  SCV  
  56  4:51  Barracks  
  56  4:52  Barracks, Marine  
  57  4:53  Stimpack  
  57  4:55  SCV, Factory Reactor  
  59  5:01  SCV, Engineering Bay  
  59  5:02  Engineering Bay  
  59  5:04  Refinery  
  59  5:05  Supply Depot  
  61  5:07  SCV  
  61  5:10  Marine  
  62  5:21  SCV x2, Supply Depot  
  64  5:22  Refinery  
  64  5:23  Orbital Command  
  64  5:27  Starport Reactor  
  64  5:28  Marine  
  64  5:33  SCV x2  
  67  5:39  Marine x2  
  70  5:44  Factory Reactor  
  70  5:45  SCV x2  
  70  5:46  Marine  
  70  5:47  Orbital Command  
  70  5:50  Barracks  
  70  5:51  Terran Infantry Armor Level 1, Terran Infantry Weapons Level 1  
  70  5:52  Barracks  
  70  5:56  Marine x2  
  72  5:57  SCV x2, Marine x2  
  76  6:06  Marine  
  76  6:07  Medivac x2  
  76  6:09  SCV x2  
  83  6:13  SCV  
  83  6:14  Marine  
  83  6:16  Supply Depot  
  85  6:19  Marine x3  
  85  6:21  SCV x2  
  85  6:25  SCV  
  91  6:28  Factory, Refinery  
  91  6:29  Refinery  
  91  6:32  Supply Depot  
  91  6:33  SCV  
  91  6:34  Marine  
  91  6:37  Marine  
  91  6:38  SCV x2  
  96  6:41  Barracks Reactor x2  
  96  6:42  Supply Depot  
  96  6:45  SCV  
  97  6:49  Marine x2  
  97  6:50  SCV x2  
  97  6:52  Marine  
  101  6:54  Combat Shield  
  101  6:58  SCV, Supply Depot, Marine x2  
  104  7:02  SCV, Widow Mine x2  
  104  7:03  SCV  
  104  7:05  Supply Depot  
  104  7:06  Marine  
  111  7:09  Medivac x2  
  111  7:10  SCV  
  111  7:11  Supply Depot  
  111  7:13  Factory Tech Lab  
  111  7:14  SCV  
  117  7:18  Command Center  
  118  7:22  Supply Depot  
  118  7:24  Marine  
  118  7:25  Marine  
  118  7:26  Marine  
  118  7:29  Widow Mine x2  
  125  7:33  Armory, Supply Depot  
  125  7:36  SCV x2  
  126  7:39  Marine x3  
  129  7:46  Widow Mine  
  129  7:50  Widow Mine  
  129  7:51  Marine x3  
  133  7:52  Supply Depot  
  133  7:55  Medivac x2  
  133  7:56  Marine  
  133  7:57  Marine x2, Widow Mine  
  145  8:01  SCV x2  
  147  8:09  Marine x2  
  147  8:10  Marine x2  
  147  8:11  Supply Depot  
  151  8:13  Widow Mine x2  
  155  8:23  Terran Infantry Weapons Level 2, Terran Infantry Armor Level 2, Drilling Claws  
  155  8:25  Marine x4  
  159  8:29  Supply Depot, Marine  
  160  8:42  Widow Mine  
  160  8:43  Marine  
  160  8:47  Medivac x2  
  160  8:48  Marine x3, Widow Mine x2  
  174  8:49  SCV  
  174  8:52  Marine x2  
  177  8:57  Sensor Tower  
  177  8:59  Terran Vehicle And Ship Armor Level 1  
  177  9:02  Marine x3  
  178  9:07  Barracks, Planetary Fortress  
  178  9:08  Barracks x2  
  178  9:17  Medivac x2  
  180  9:28  SCV x3, Supply Depot, Sensor Tower  
  180  9:29  Marine x2, Widow Mine x2  
  180  9:30  Supply Depot  
  189  9:33  Widow Mine  
  191  9:41  Marauder, Marine  
  191  9:45  Refinery  
  194  9:46  SCV x2, Refinery  
  194  9:49  Medivac  
  194  9:50  SCV  
  199  9:53  Marine  
  200  10:04  Barracks Tech Lab x3  
  200  10:06  Ghost Academy  
  200  10:10  Command Center  
  162  10:48  Marauder x2, Marine x5  
  162  10:49  Marine x2  
  150  10:50  Widow Mine x2  
  150  10:51  Medivac x2  
  150  10:53  Concussive Shells, Widow Mine  
  150  10:54  Marauder x2, Marine  
  165  10:59  Command Center  
  156  11:06  Marine x5  
  156  11:09  Marauder  
  156  11:11  Marine x3  
  157  11:12  Marine, Widow Mine x2  
  157  11:15  Marine x2, Widow Mine  
  150  11:21  Medivac  
  150  11:24  Marine x5  
  155  11:28  Marine  
  155  11:29  Marine  
  157  11:33  Widow Mine x2  
  157  11:36  Widow Mine  
  163  11:40  Command Center, Marine  
  163  11:41  Missile Turret, Marauder, Marine  
  163  11:44  Medivac, Unknown x5  
  163  11:45  Unknown x2  
  152  11:48  Marine  
  152  11:49  Marauder  
  139  11:54  Widow Mine x2  
  139  11:56  Planetary Fortress  
  139  11:57  Marine  
  139  11:58  Marine x7, Widow Mine  
  139  11:59  Medivac  
  149  12:02  Personal Cloaking  
  149  12:03  Fusion Core, Starport  
  149  12:04  Starport  
  149  12:14  Refinery x2, Medivac  
  151  12:15  Sensor Tower  
  151  12:16  Widow Mine x2  
  151  12:18  Orbital Command  
  151  12:19  Widow Mine  
  151  12:22  Command Center  
  157  12:24  Marauder, Marine  
  158  12:36  Medivac  
  136  12:37  Widow Mine  
  136  12:39  Widow Mine  
  136  12:41  Marauder, Marine, Widow Mine  
  136  12:44  Marine x3  
  131  12:49  Unknown x5  
  115  12:52  Marine x2  
  115  12:53  Marauder  
  115  12:55  SCV  
  115  12:56  SCV  
  121  12:58  Widow Mine  
  121  13:00  Widow Mine  
  121  13:01  Sensor Tower  
  121  13:02  Widow Mine  
  121  13:03  Marine  
  121  13:04  Marauder  
  130  13:12  Marine x7  
  133  13:13  SCV, Marauder  
  133  13:16  Marine  
  133  13:18  SCV x2  
  145  13:20  Widow Mine  
  145  13:26  Command Center  
  143  13:28  Widow Mine x2  
  149  13:34  Marauder  
  149  13:36  Medivac x2  
  149  13:37  Starport Tech Lab, Starport Reactor  
  149  13:38  Marauder  
  149  13:39  Marauder  
  149  13:41  SCV, Marine  
  159  13:49  Widow Mine  
  163  13:55  Widow Mine  
  163  14:01  Marauder  
  150  14:12  Widow Mine  
  150  14:15  Marine  
  150  14:17  Widow Mine  
  131  14:20  Marine  
  131  14:22  SCV, Marauder  
  108  14:26  Unknown x5  
  104  14:33  Widow Mine  
  104  14:38  Widow Mine  
  108  14:41  SCV x2  
Show
View Real Time Build Order
Export as new Build Order

Lambo Zerg - Winner!

Build Orders: Hatch First 

Get SALT Encoding   

  12  0:01  Drone  
  13  0:13  Overlord  
  13  0:18  Drone  
  14  0:31  Drone x2  
  16  0:49  Hatchery  
  15  0:52  Drone  
  15  0:56  Drone  
  17  1:00  Drone  
  18  1:11  Extractor  
  17  1:14  Spawning Pool  
  17  1:18  Drone  
  17  1:22  Drone  
  18  1:28  Drone  
  20  1:40  Drone  
  20  1:50  Drone  
  21  2:01  Queen x2  
  21  2:02  Zergling x4  
  27  2:16  Hatchery  
  27  2:21  Overlord  
  26  2:24  Drone  
  26  2:27  Drone  
  28  2:35  Metabolic Boost  
  27  2:44  Drone  
  28  2:45  Drone  
  28  2:48  Queen  
  28  2:51  Drone  
  32  2:53  Overlord  
  32  3:00  Drone  
  32  3:01  Drone  
  32  3:04  Drone  
  35  3:13  Queen  
  35  3:14  Drone x2  
  35  3:18  Drone  
  40  3:22  Drone  
  40  3:24  Queen  
  43  3:31  Overlord  
  43  3:33  Drone x3  
  46  3:37  Drone  
  47  3:44  Drone x2  
  47  3:48  Overlord  
  49  3:51  Zergling x6  
  49  3:54  Overlord  
  52  3:56  Queen  
  52  3:59  Drone  
  55  4:03  Drone  
  55  4:04  Drone  
  57  4:11  Drone x5  
  57  4:16  Drone  
  63  4:19  Spore Crawler x2  
  63  4:20  Spore Crawler  
  60  4:24  Drone x2  
  60  4:25  Drone  
  60  4:26  Overlord  
  60  4:30  Drone x2  
  65  4:31  Drone  
  65  4:34  Zergling x4  
  68  4:41  Drone x4  
  68  4:44  Drone  
  72  4:48  Lair  
  72  4:53  Queen  
  72  4:55  Drone x2  
  72  4:58  Drone x2  
  78  5:03  Drone x3  
  78  5:04  Overlord  
  78  5:07  Extractor x2, Overlord  
  79  5:09  Extractor  
  79  5:10  Extractor, Overlord  
  79  5:12  Drone  
  78  5:15  Drone x2  
  78  5:21  Drone  
  81  5:25  Evolution Chamber x2  
  81  5:26  Drone x2  
  81  5:28  Drone x3  
  84  5:29  Drone x3  
  87  5:36  Extractor  
  87  5:38  Drone x3  
  87  5:40  Overlord  
  89  5:46  Drone x2, Hatchery  
  89  5:48  Drone x2  
  92  5:53  Zerg Ground Armor Level 1, Zerg Melee Weapons Level 1  
  92  5:55  Baneling Nest  
  91  5:57  Zergling x2, Hydralisk Den  
  91  5:59  Zergling x4  
  91  6:02  Drone  
  94  6:05  Zergling x10  
  94  6:11  Overlord  
  99  6:13  Pneumatized Carapace  
  99  6:15  Overlord x2  
  99  6:16  Zergling x4  
  101  6:24  Overlord  
  101  6:25  Zergling x4  
  103  6:27  Zergling x2  
  103  6:30  Grooved Spines  
  103  6:31  Zergling x6  
  107  6:36  Zergling x12  
  113  6:41  Centrifical Hooks  
  113  6:43  Zergling x6  
  113  6:46  Baneling x6  
  113  6:47  Baneling x2  
  116  6:48  Zergling x2  
  116  6:54  Overlord  
  114  6:56  Drone  
  114  7:01  Infestation Pit  
  113  7:03  Drone x4  
  113  7:04  Overlord  
  113  7:08  Drone x6  
  122  7:10  Drone x3  
  122  7:13  Drone x2  
  127  7:26  Hydralisk x4  
  127  7:29  Baneling x7, Hatchery  
  134  7:31  Drone  
  134  7:32  Extractor, Hydralisk  
  136  7:39  Hydralisk x4  
  136  7:41  Muscular Augments  
  136  7:43  Overlord  
  136  7:44  Overlord  
  144  7:47  Baneling x2  
  144  7:48  Baneling x2  
  144  8:01  Queen  
  144  8:03  Zerg Ground Armor Level 2, Hive  
  144  8:04  Zerg Melee Weapons Level 2  
  146  8:06  Zergling x10  
  146  8:08  Overlord  
  146  8:09  Overlord  
  146  8:10  Overlord x2  
  151  8:14  Queen  
  152  8:29  Zergling x22  
  163  8:37  Zergling x10  
  168  8:43  Overlord  
  168  8:45  Overlord, Overseer  
  168  8:47  Zergling x14  
  168  8:56  Zergling x10  
  172  9:16  Spore Crawler  
  171  9:22  Viper x5  
  186  9:25  Hydralisk x6  
  186  9:27  Evolution Chamber, Baneling x11  
  186  9:28  Evolution Chamber  
  196  9:33  Ultralisk Cavern, Drone x2  
  196  9:35  Spore Crawler  
  196  9:36  Spore Crawler  
  196  9:37  Overlord  
  191  9:51  Overseer  
  192  9:52  Drone  
  192  9:53  Drone x3  
  192  9:55  Drone x2  
  192  9:57  Spore Crawler  
  196  10:02  Zerg Missile Weapons Level 1  
  196  10:03  Zergling x8  
  196  10:04  Adrenal Glands  
  196  10:06  Overseer  
  200  10:14  Spire  
  200  10:17  Baneling x12, Extractor  
  198  10:26  Overlord  
  198  10:27  Overlord  
  198  10:28  Queen x3  
  194  10:33  Zergling x4  
  200  10:37  Unknown  
  174  10:44  Hydralisk x10, Unknown  
  174  10:45  Zergling x34  
  196  10:59  Zergling x2  
  196  11:00  Zergling x4  
  196  11:02  Zerg Ground Armor Level 3  
  199  11:07  Overlord  
  199  11:08  Zergling x4  
  192  11:13  Zergling x22  
  192  11:16  Zergling x4  
  187  11:20  Baneling x15  
  187  11:34  Baneling x12  
  187  11:37  Hatchery  
  187  11:38  Zergling x22  
  184  11:47  Unknown  
  184  11:48  Zergling x10  
  184  11:51  Zergling x2  
  184  11:52  Zergling x2  
  181  11:57  Zergling x14  
  181  12:01  Chitinous Plating  
  185  12:07  Baneling x4  
  185  12:08  Baneling x13  
  185  12:11  Zergling x22  
  185  12:13  Overseer x2  
  185  12:14  Overseer  
  196  12:23  Zergling x6  
  199  12:34  Zergling x2  
  199  12:35  Zergling x24  
  175  12:46  Zergling x10  
  169  12:52  Ultralisk x3  
  169  12:55  Drone x2  
  169  12:56  Drone x2  
  191  13:02  Zergling x14  
  198  13:09  Overseer  
  189  13:19  Drone x6  
  195  13:20  Drone, Anabolic Synthesis  
  195  13:28  Baneling x25  
  195  13:33  Greater Spire  
  195  13:35  Baneling x5  
  195  13:41  Zergling x8  
  197  13:49  Baneling x11  
  197  13:53  Zergling x2  
  197  13:54  Zergling x2  
  199  13:56  Baneling x8  
  199  14:06  Zergling x10  
  197  14:10  Overlord  
  197  14:15  Zergling x2  
  197  14:16  Zergling x16  
  185  14:18  Zergling x30  
  193  14:25  Zergling x6  
  193  14:30  Zergling x10  
  190  14:37  Zergling x6  
Tags
 
Add a new tag
Caveats
  • Supply blocks, unpowered buildings, or Contaminate may cause inaccurate times.
  • Supply counts are checked every 10 seconds.